 Dungeon Crawl Stone Soup version 0.19.1-1-g22dce08 (webtiles) character file.

408 HEYYEYAAE the Chiller (level 6, -18/48 HPs)
             Began as a Draconian Ice Elementalist on Jan 14, 2017.
             Demolished by an ogre
             ... wielding a +0 giant club
              (30 damage)
             ... on level 4 of the Dungeon.
             The game lasted 00:03:33 (2168 turns).

HEYYEYAAE the Chiller (Draconian Ice Elementalist)  Turns: 2168, Time: 00:03:33

Health: -18/48     AC:  6    Str: 10    XL:     6   Next: 57%
Magic:  11/12      EV: 13    Int: 17    God:
Gold:   171        SH:  0    Dex: 12    Spells: 1 memorised, 12 levels left

rFire  . . .     SeeInvis .     l - +0 halberd
rCold  . . .     Gourm    .     (armour unavailable)
rNeg   . . .     Faith    .     (shield currently unavailable)
rPois  .         Spirit   .     (helmet restricted)
rElec  .         Reflect  .     (no cloak)
rCorr  .         Harm     .     (no gloves)
MR     .....                    (no boots)
Stlth  ++........               (no amulet)
                                u - ring of fire
                                t - ring of ice

@: slowed, very slow
A: unfitting armour, cold-blooded, AC +6
a: no special abilities


You were on level 4 of the Dungeon.
You were not hungry.

You visited 1 branch of the dungeon, and saw 4 of its levels.

You collected 171 gold pieces.

Inventory:

Hand Weapons
 l - a +0 halberd (weapon)
 y - a +2 whip of flaming
Missiles
 n - 49 bolts
Armour
 c - a +0 buckler
 k - a +0 pair of gloves
Jewellery
 t - a ring of ice (left hand)
 u - a ring of fire (right hand)
Scrolls
 e - 2 scrolls of enchant weapon {unknown}
 g - a scroll of magic mapping {unknown}
 h - a scroll of recharging {unknown}
 m - a scroll of teleportation {unknown}
 o - 2 scrolls of immolation {unknown}
 r - a scroll of identify {unknown}
 v - a scroll of fog {unknown}
 x - a scroll of enchant armour {unknown}
Potions
 d - 2 potions of degeneration {unknown}
 i - a potion of brilliance {unknown}
 j - a potion of curing
 p - a potion of agility
 s - a potion of cancellation {unknown}
 w - a potion of mutation {unknown}
 z - a potion of flight {unknown}
 B - a potion of lignification {unknown}
 D - 2 potions of haste {unknown}
Books
 a - a book of Frost

   Spells                             Type                      Level
   a - Freeze                         Ice                          1
   b - Throw Frost                    Conjuration/Ice              2
   c - Ozocubu's Armour               Charms/Ice                   3
   d - Throw Icicle                   Conjuration/Ice              4
   e - Summon Ice Beast               Ice/Summoning                4
Comestibles
 b - 2 bread rations
 f - a slice of pizza
 q - 3 beef jerkies
 A - a meat ration
 C - 4 chunks of flesh


   Skills:
 + Level 2.2 Fighting
 + Level 3.2 Dodging
 - Level 1.7 Stealth
 * Level 4.0 Spellcasting
   Level 1.0 Conjurations
 * Level 5.0 Ice Magic


You had 12 spell levels left.
You knew the following spells:

 Your Spells              Type           Power        Failure   Level  Hunger
a - Freeze                Ice            ####         1%          1    None


Dungeon Overview and Level Annotations

Branches:
Dungeon (4/15)
 Temple: D:4-7

Altars:
Elyvilon
The Shining One


Innate Abilities, Weirdness & Mutations

Your plain brown scales are hard. (AC +6)
You cannot fit into any form of body armour.
You are cold-blooded and may be slowed by cold attacks.


Message History

The orc wizard gestures at you while chanting.
You feel as though you will be slow longer.
Unknown command.
Casting: Freeze
Confirm with . or Enter, or press ? or * to list all spells.
Aiming: Freeze
Press: ? - help, Shift-Dir - straight line, f/p - ogre
Aim: an ogre, wielding a giant club (heavily wounded)
You feel a surge of power!
You freeze the ogre.
The ogre is severely wounded.
The ogre hits you with a giant club!!
Ouch! That really hurt!
* * * LOW HITPOINT WARNING * * *
Unknown command.
You feel better.
The orc wizard points at you and mumbles some strange words.
You feel as though you will be slow longer.
The ogre hits you with a giant club!!
Ouch! That really hurt!
You die...

#.# .... #.# +##
#.# #.# #o# #o#
#l# #O#
#+#####@########
#...............
#######o########
#........
####........
#...........
#...........
#...........
#...........


You could see an ogre, an orc wizard, 2 orcs and a leopard gecko.

Vanquished Creatures
  The ghost of theAP the Skirmisher, an amateur HOFi (D:3)
  A hound (D:4)
  An orc wizard (D:3)
  Robin (D:3)
  A gnoll (D:1)
  3 adders
  A dart slug (D:1)
  3 leopard geckos
  8 orcs
  8 giant cockroaches
  11 goblins
  9 hobgoblins
  8 jackals
  2 bats
  5 frilled lizards (D:1)
  5 kobolds
  4 rats
72 creatures vanquished.

Notes
Turn   | Place    | Note
-------+----------+-------------------------------------------
     0 | D:1      | HEYYEYAAE the Draconian Ice Elementalist began the quest for the Orb.
     0 | D:1      | Reached XP level 1. HP: 14/14 MP: 3/3
   227 | D:1      | Reached XP level 2. HP: 20/20 MP: 1/5
   466 | D:2      | Reached XP level 3. HP: 24/27 MP: 6/6
   629 | D:2      | Found a white marble altar of Elyvilon.
   706 | D:2      | Reached skill level 1 in Fighting
   929 | D:2      | Reached skill level 4 in Ice Magic
  1154 | D:3      | Reached XP level 4. HP: 35/35 MP: 7/7
  1280 | D:3      | Found a faded altar of an unknown god.
  1305 | D:3      | Noticed Robin
  1462 | D:3      | Noticed theAP's ghost (amateur HOFi)
  1693 | D:3      | Killed theAP's ghost
  1693 | D:3      | Reached XP level 5. HP: 13/41 MP: 0/10
  1693 | D:3      | Reached XP level 6. HP: 15/48 MP: 0/11
  1974 | D:3      | Found a glowing golden altar of the Shining One.
  2089 | D:3      | Killed Robin
  2119 | D:4      | Reached skill level 5 in Ice Magic
  2168 | D:4      | Demolished by an ogre

Skill      XL: |  1  2  3  4  5  6 |
---------------+-------------------+-----
Dodging        | 2 3 |  3.2
Fighting       | 1 2 |  2.2
Ice Magic      | 4 5 |  5.0
Spellcasting   | 3 4 |  4.0
Stealth        | |  1.7
Conjurations   | |  1.0

Action                   |  1- 3 |  4- 6 || total
-------------------------+-------+-------++-------
Melee: Unarmed           |    36 |       ||    36
       Tailslap          |    14 |     6 ||    20
       Halberd           |   104 |    72 ||   176
 Cast: Freeze            |    10 |    36 ||    46
  Use: Potion            |       |     4 ||     4
 Stab: Sleeping          |     3 |     4 ||     7
       Distracted        |       |     1 ||     1
  Eat: Chunk             |     1 |     4 ||     5
Armor: Skin              |    39 |    30 ||    69
Dodge: Dodged            |   104 |    86 ||   190
